 Dungeon Crawl Stone Soup version bcrawl-1.13.4 (webtiles) character file.

Game seed: 17001894443960693488

43470 Revguard the Unseen (level 14, -9/86 HPs)
             Began as a Jungle Stalker Rogue on Aug 13, 2019.
             Was a High Priest of Dithmenos.
             Mangled by an orc warrior
             ... wielding a +0 trident
              (10 damage)
             ... in the Orcish Mines.
             The game lasted 01:28:07 (12669 turns).

Revguard the Unseen (Jungle Stalker Rogue)         Turns: 12669, Time: 01:28:08

Health: -9/86      AC: 17    Str: 21    XL:     14   Next: 24%
Magic:  19/19      EV: 21    Int: 13    God:    Dithmenos [*****.]
Gold:   1253       SH:  0    Dex: 20    Spells: 13/13 levels left

rFire    + . .     SeeInvis .   I - +7 rapier of Crystal {pierce, rPois MR++ Stlth+}
rCold    . . .     Gourm    .   (no shield)
rNeg     + . .     Faith    .   s - +4 troll leather armour
rPois    +         Spirit   .   n - +0 helmet
rElec    .         Reflect  .   M - +1 cloak
rCorr    .         Harm     .   L - +1 pair of gloves
MR       +++..     Clarity  +   l - +2 pair of boots
Stlth    ++++++++++             (no amulet)
HPRegen  1.44/turn              O - ring "Gyseroot" {rN+ Str+6}
MPRegen  0.16/turn              t - +3 ring of slaying

@: wreathed by umbra
A: fangs 3, repulsion field 1, clarity, clever 1, fire resistance 1, poison
resistance, regeneration 2, acidic bite, no potion heal 3, rot immunity, strong
jaws
a: Shadow Step, Shadow Form, Renounce Religion


You were in the Orcish Mines.
You worshipped Dithmenos.
Dithmenos was extremely pleased with you.
You were not hungry.

You visited 3 branches of the dungeon, and saw 14 of its levels.
You also visited: Sewer and Bailey.

You collected 1517 gold pieces.
You spent 264 gold pieces at shops.

Inventory:

Hand Weapons
 b - a +0 blowgun
 I - the +7 rapier of Crystal (weapon) {pierce, rPois MR++ Stlth+}
   (You found it on level 6 of the Dungeon)

   It inflicts extra damage upon your enemies.
   It protects you from poison.
   It affects your resistance to hostile enchantments.
   It makes you more stealthy.
Missiles
 c - 51 silver javelins
 e - 673 poisoned needles
 p - 145 javelins (quivered)
Armour
 l - a +2 pair of boots (worn)
 n - a +0 helmet (worn)
 s - a +4 troll leather armour (worn)
 L - a +1 pair of gloves (worn)
 M - a +1 cloak (worn)
Jewellery
 t - a +3 ring of slaying (right hand)
 O - the ring "Gyseroot" (left hand) {rN+ Str+6}
   (You acquired it in a bailey)

   [ring of positive energy]

   It affects your strength (+6).
   It protects you from negative energy.
Wands
 f - a wand of flame (9)
 i - a wand of polymorph (10)
 v - a wand of paralysis (13)
 F - a wand of acid (4)
 G - a wand of digging (12)
 H - a wand of enslavement (11)
Scrolls
 d - 2 scrolls of silence
 g - a scroll of summoning
 k - 4 scrolls of immolation
 q - 3 scrolls of fog
 r - a scroll of acquirement
 u - 6 scrolls of amnesia
 w - 4 scrolls of remove curse
 y - 2 scrolls of enchant armour
 B - 3 scrolls of magic mapping
 C - 5 scrolls of enchant weapon
 E - 4 scrolls of teleportation
Potions
 j - 3 potions of haste
 m - 10 potions of curing
 o - 3 potions of flight
 z - 2 potions of might
 A - 3 potions of brilliance
 D - 5 potions of mutation
 K - 5 potions of heal wounds
Comestibles
 a - 12 chunks of flesh
 h - 20 rations {!d}


   Skills:
 + Level 9.1 Fighting
 + Level 12.5 Short Blades
 - Level 6.9 Throwing
 + Level 4.4 Armour
 + Level 8.8 Dodging
 * Level 15.2 Stealth
 * Level 5.9 Invocations
 - Level 3.5 Evocations


You had 13 spell levels left.
You didn't know any spells.
Your spell library contained the following spells:

 Spells                   Type           Power        Failure   Level  Hunger
 Infusion                 Chrm           #.......     34%         1    ##.....
 Song of Slaying          Chrm           #.......     47%         2    ###....
 Ozocubu's Armour         Chrm/Ice       #.......     71%         3    ####...
 Regeneration             Chrm/Necr      #.........   71%         3    ####...
 Spectral Weapon          Hex/Chrm       #.......     71%         3    ####...


Dungeon Overview and Level Annotations

Branches:
Dungeon (12/12)            Temple (1/1) D:4            Lair (0/6) D:9
    Orc (1/1) D:9             Elf (0/3) Orc          Vaults (0/3) D:11
 Depths (0/5) D:12

Altars:
Ashenzari
Cheibriados
Dithmenos
Elyvilon
Fedhas
Gozag
Hepliaklqana
Kikubaaqudgha
Lugonu
Makhleb
Nemelex Xobeh
Okawaru
Qazlal
Ru
Sif Muna
Trog
Uskayaw
Vehumet
Wu Jian
Xom
Yredelemnul
Zin
The Shining One
Beogh

Shops:
D:4 %   D:6 !   D:9 ?   D:11 ?   Orc :=}}(

Annotations:
D:9 2 runed doors


Innate Abilities, Weirdness & Mutations

You have razor-sharp teeth.
Your system is resistant to poisons. (rPois)
You heal very quickly.
You have acidic saliva.
Potions cannot restore your health.
You are immune to rotting.
Your bites deal extra damage.
You are surrounded by a mild repulsion field. (EV +2)
You possess an exceptional clarity of mind.
Your mind is acute. (Int +2)
Your flesh is heat resistant. (rF+)


Message History

The orc knight is moderately wounded.
You hit the orc knight.
The orc knight is moderately wounded.
The orc knight barely misses you. The orc warrior barely misses you.
You puncture the orc knight!
The orc knight is heavily wounded.
You hit the orc knight. Your bite misses the orc knight.
The orc knight is heavily wounded.
The orc knight hits you with a +0 long sword.
The orc warrior hits you from afar with a +0 trident!
* * * LOW HITPOINT WARNING * * *
Evoke which item? (* to show all) (? for menu, Esc to quit)
Aiming: Enslavement
Press: ? - help, Shift-Dir - straight line, f/p - orc knight
Aim: an orc knight, wielding a +0 long sword and wearing a +0 plate armour (heavily wounded, covered in acid, umbra, chance to defeat MR: 38%)
The orc knight resists with some effort.
The orc knight hits you with a +0 long sword!
* * * LOW HITPOINT WARNING * * *
The orc warrior hits you from afar with a +0 trident!
You die...

................................o
.................................
#....######..#######.###.###..#
#....#∩...#..# #.# #.# #..#
.....#....#..#######o###.###..#
.....#....#.....ooo)o.oo...o..#
....)###'##..###o###)o).o.....##'
...)).)).....# #o# #..8o..8......
.)..)###'###.# #@# #..........##'
..)..#.....#.# #.# #.###'###..#
.))..#.....#.. ......#.....#..#
..#..#.....#.###.###.#.....#..#
..#..#∩....#.# #.# #.#.._..#..#
.....#######.###.###.#######..#
#........................ ....
#.........................^
##.###.#...............#....


You could see 2 orc knights, an orc warrior and an orc.

Vanquished Creatures
  Snorg (Orc)
  Josephine (D:11)
  2 fire dragons (D:12)
  Erolcha (D:12)
  3 centaur warriors
  Psyche (D:8)
  A dancing weapon (D:11)
  5 two-headed ogres
  An orc high priest (Orc)
  4 skeletal warriors (D:11)
  An unseen horror (D:12)
  2 wolf spider zombies (D:12)
  Pikel (D:6)
  3 cyclopes
  8 orc knights
  4 ugly things
  A moth of wrath (shapeshifter) (D:11)
  A gargoyle (D:12)
  3 centaur skeletons
  A yaktaur (D:7)
  6 trolls
  A troll (shapeshifter) (D:10)
  A hornet (D:8)
  8 slime creatures
  3 hippogriffs
  2 shadows
  5 wraiths
  A wyvern (D:10)
  8 yaks (D:12)
  Grum (D:8)
  4 vampire mosquitoes (D:12)
  2 chaos spawn (D:11)
  Menkaure (D:7)
  9 wargs (Orc)
  An acid dragon (D:10)
  3 water moccasins
  Duvessa (D:7)
  A sky beast (D:11)
  38 orc warriors
  2 slaves (D:6)
  3 phantoms
  4 ice beasts
  8 ogres
  4 wolves (D:8)
  13 centaurs
  A crocodile (D:9)
  A big kobold (Sewer)
  5 bullfrogs
  8 scorpions
  Dowan (D:7)
  9 wights
  2 howler monkeys (D:10)
  3 centaur zombies
  9 crimson imps
  A bullfrog zombie (D:6)
  5 jellies
  5 hounds
  18 orc wizards
  11 orc priests
  A gnoll shaman (D:4)
  6 iguanas
  5 worker ants
  A hound skeleton (D:7)
  Robin (D:2)
  9 gnolls
  14 adders
  A shadow imp (D:11)
  6 oozes
  An adder zombie (D:7)
  4 worms
  4 dart slugs
  A leopard gecko (D:3)
  115 orcs
  9 bats
  7 giant cockroaches
  13 hobgoblins
  3 jackals (D:5)
  4 quokkas
  7 ball pythons
  6 frilled lizards
  12 goblins
  2 jackal skeletons (D:4)
  25 kobolds
  A quokka skeleton (D:6)
  9 rats
521 creatures vanquished.

Vanquished Creatures (collateral kills)
  A dancing weapon (D:11)
  The ghost of Revguard the Magician, a novice DsAc of Vehumet (D:6)
  A cyclops (D:12)
  An ogre (D:6)
  An orc (Bailey)
  2 jackals (D:3)
7 creatures vanquished.

Vanquished Creatures (others)
  2 orcs (D:4)
  3 hobgoblins (D:2)
5 creatures vanquished.

Grand Total: 533 creatures vanquished

Notes
Turn   | Place    | Note
-------+----------+-------------------------------------------
     0 | D:1      | Revguard the Vine Stalker Rogue began the quest for the
                  | Orb.
     0 | D:1      | Reached XP level 1. HP: 10/10 MP: 3/3
   109 | D:1      | Reached XP level 2. HP: 16/16 MP: 4/4
   300 | D:1      | Reached skill level 6 in Stealth
   608 | D:2      | Reached XP level 3. HP: 12/20 MP: 5/5
   744 | D:2      | Noticed Robin
   745 | D:2      | Noticed a moth of wrath
   771 | D:2      | Killed Robin
   883 | D:2      | Found a bloodstained altar of Trog.
   970 | D:2      | Reached skill level 1 in Fighting
   989 | D:2      | Reached XP level 4. HP: 16/25 MP: 6/6
  1028 | D:2      | Reached skill level 1 in Dodging
  1104 | D:2      | Found an ancient bone altar of Kikubaaqudgha.
  1104 | D:2      | Found a blossoming altar of Fedhas.
  1174 | D:2      | Found a shattered altar of Ashenzari.
  1258 | D:2      | Reached XP level 5. HP: 29/29 MP: 7/7
  1718 | D:3      | Reached skill level 7 in Stealth
  1885 | D:3      | Gained mutation: You have razor-sharp teeth. [Vine Stalker
                  | growth]
  1885 | D:3      | Reached XP level 6. HP: 34/34 MP: 8/8
  2325 | D:3      | Found a deep blue altar of Sif Muna.
  2614 | D:4      | Reached skill level 1 in Armour
  2754 | D:4      | Reached XP level 7. HP: 40/40 MP: 9/9
  2855 | D:4      | Reached skill level 8 in Stealth
  2950 | D:4      | Found a staircase to the Ecumenical Temple.
  2984 | Temple   | Entered the Ecumenical Temple
  3586 | D:4      | Found Eseckova's Food Shop.
  4273 | D:5      | Entered Level 5 of the Dungeon
  4291 | D:5      | Found a glowing silver altar of Zin.
  4316 | D:5      | Found a glowing drain.
  4326 | Sewer    | Entered a sewer
  4520 | Sewer    | Gained mutation: You have acidic saliva. [Jungle Stalker
                  | growth]
  4520 | Sewer    | Gained mutation: Your system is resistant to poisons.
                  | (rPois) [Jungle Stalker growth]
  4520 | Sewer    | Reached XP level 8. HP: 37/45 MP: 9/10
  4810 | D:5      | Noticed a troll
  4822 | D:5      | Reached skill level 9 in Stealth
  4833 | D:5      | Killed a troll
  4864 | D:5      | HP: 1/48 [centaur/arrow (5)]
  5142 | D:5      | Reached skill level 5 in Short Blades
  5319 | D:5      | Reached XP level 9. HP: 52/52 MP: 11/11
  5762 | D:6      | Got a slimy rapier
  5763 | D:6      | Identified the +7 rapier of Crystal {pierce, rPois MR++
                  | Stlth+} (You found it on level 6 of the Dungeon)
  5774 | D:6      | Found Tann's Distillery.
  5782 | D:6      | Bought a potion of mutation for 88 gold pieces
  5782 | D:6      | Bought a potion of mutation for 88 gold pieces
  5782 | D:6      | Bought a potion of mutation for 88 gold pieces
  5784 | D:6      | Gained mutation: Your flesh is heat resistant. (rF+)
                  | [potion of mutation]
  5784 | D:6      | Gained mutation: Your mind is acute. (Int +2) [potion of
                  | mutation]
  5784 | D:6      | Gained mutation: You possess an exceptional clarity of
                  | mind. [potion of mutation]
  5784 | D:6      | Gained mutation: You are surrounded by a mild repulsion
                  | field. (EV +2) [potion of mutation]
  6009 | D:6      | Found a transporter.
  6010 | D:6      | Found a transporter.
  6013 | D:6      | Noticed Revguard's ghost (novice DsAc)
  6013 | D:6      | Noticed a two-headed ogre
  6034 | D:6      | Noticed Pikel
  6062 | D:6      | Killed Pikel
  6062 | D:6      | Reached skill level 5 in Throwing
  6076 | D:6      | Noticed a two-headed ogre
  6081 | D:6      | Killed a two-headed ogre
  6081 | D:6      | Reached skill level 5 in Fighting
  6081 | D:6      | Reached skill level 10 in Stealth
  6081 | D:6      | Reached XP level 10. HP: 59/59 MP: 12/12
  6226 | D:6      | Killed Revguard's ghost
  6226 | D:6      | Reached skill level 5 in Dodging
  6249 | D:6      | Killed a two-headed ogre
  6367 | D:7      | Noticed Menkaure
  6370 | D:7      | Found a white marble altar of Elyvilon.
  6372 | D:7      | Noticed Dowan
  6373 | D:7      | Noticed Duvessa
  6375 | D:7      | Killed Menkaure
  6377 | D:7      | Killed Dowan
  6400 | D:7      | Killed Duvessa
  7069 | D:8      | Noticed Grum
  7077 | D:8      | Reached skill level 11 in Stealth
  7094 | D:8      | Reached XP level 11. HP: 55/64 MP: 14/14
  7106 | D:8      | Killed Grum
  7282 | D:8      | Noticed a two-headed ogre
  7294 | D:8      | Killed a two-headed ogre
  7304 | D:8      | Found a hazy altar of Hepliaklqana.
  7305 | D:8      | Noticed Psyche
  7378 | D:8      | Found a corrupted altar of Lugonu.
  7388 | D:8      | Found an opulent altar of Gozag.
  7460 | D:8      | Killed Psyche
  7586 | D:8      | Found a shadowy altar of Dithmenos.
  7595 | D:8      | Became a worshipper of Dithmenos the Shadowed
  7814 | D:9      | Noticed an ice dragon
  7819 | D:9      | Noticed an ice dragon
  7820 | D:9      | Found the +2 shield of Resistance {rF+ rC+ MR+}
  7820 | D:9      | Noticed a fire dragon
  7821 | D:9      | Found a runed door.
  7822 | D:9      | Noticed a fire dragon
  7823 | D:9      | Found a runed door.
  8001 | D:9      | Noticed a two-headed ogre
  8007 | D:9      | Killed a two-headed ogre
  8117 | D:9      | Found a staircase to the Lair.
  8214 | D:9      | Found Danicof's Magic Scroll Shop.
  8252 | D:9      | Reached skill level 12 in Stealth
  8381 | D:9      | Reached * piety under Dithmenos
  8523 | D:9      | Found a staircase to the Orcish Mines.
  8578 | D:10     | Entered Level 10 of the Dungeon
  8655 | D:10     | Gained mutation: You heal very quickly. [Jungle Stalker
                  | growth]
  8655 | D:10     | Reached XP level 12. HP: 71/71 MP: 15/15
  8687 | D:10     | Noticed a centaur warrior
  8702 | D:10     | Killed a centaur warrior
  8702 | D:10     | Reached skill level 1 in Invocations
  8779 | D:10     | Found a bloodstained altar of Trog.
  8857 | D:10     | Reached ** piety under Dithmenos
  8857 | D:10     | Reached skill level 10 in Short Blades
  8879 | D:10     | Reached skill level 13 in Stealth
  8946 | D:10     | Found a stormy altar of Qazlal.
  9230 | D:11     | Found a gate to the Vaults.
  9258 | D:11     | Found Fuliss's Magic Scroll Shop.
  9268 | D:11     | HP: 1/72 [skeletal warrior/+0 war axe (18)]
  9357 | D:11     | Your ally Revguard died
  9358 | D:11     | Noticed a centaur warrior
  9382 | D:11     | Killed a centaur warrior
  9396 | D:11     | Killed Revguard's shadow
  9533 | D:11     | Your ally Revguard died
  9617 | D:11     | Your ally Revguard died
  9663 | D:11     | Reached XP level 13. HP: 55/78 MP: 16/16
  9809 | D:11     | Your ally Revguard died
  9820 | D:11     | Your ally Revguard died
  9838 | D:11     | Found a shimmering altar of Xom.
  9845 | D:11     | Found the +7 mace of Variability {chain chaos}
  9905 | D:11     | Noticed Josephine
  9932 | D:11     | Your ally Revguard died
  9935 | D:11     | Killed Josephine
 10057 | D:12     | Entered Level 12 of the Dungeon
 10245 | D:12     | Noticed a fire dragon
 10246 | D:12     | Noticed a fire dragon
 10250 | D:12     | Found a staircase to the Depths.
 10269 | D:12     | Killed a fire dragon
 10271 | D:12     | Killed a fire dragon
 10444 | D:12     | Noticed Erolcha
 10450 | D:12     | Your ally Revguard died
 10455 | D:12     | Your ally Revguard died
 10458 | D:12     | Killed Erolcha
 10458 | D:12     | Reached skill level 14 in Stealth
 10476 | D:12     | Your ally Revguard died
 10495 | D:12     | Your ally Revguard died
 10588 | D:12     | Reached *** piety under Dithmenos
 10592 | D:12     | Found a flagged portal.
 10618 | Bailey   | Entered a bailey
 10910 | Bailey   | Identified a scroll of acquirement
 10913 | Bailey   | Got a scorched bone ring
 10915 | Bailey   | Identified the ring "Gyseroot" {rN+ Str+6} (You acquired it
                  | in a bailey)
 11228 | D:12     | Your ally Revguard died
 11270 | D:12     | Reached **** piety under Dithmenos
 11372 | D:12     | Your ally Revguard died
 11900 | Orc      | Entered the Orcish Mines
 11900 | Orc      | Found Miegin's Gadget Emporium.
 11900 | Orc      | Found a staircase to the Elven Halls.
 11900 | Orc      | Found Pozeb's Antique Weapon Shoppe.
 11900 | Orc      | Noticed Snorg
 11906 | Orc      | Reached skill level 5 in Invocations
 11918 | Orc      | Your ally Revguard died
 11923 | Orc      | Killed Snorg
 11930 | Orc      | Your ally Revguard died
 12137 | Orc      | Reached XP level 14. HP: 75/84 MP: 18/18
 12149 | Orc      | Reached skill level 15 in Stealth
 12156 | Orc      | Found Rexup's Book Shop.
 12377 | Orc      | Your ally Revguard died
 12425 | Orc      | Reached ***** piety under Dithmenos
 12486 | Orc      | Found Haceceb's Jewellery Boutique.
 12486 | Orc      | Found Kysmeropt's Gadget Emporium.
 12632 | Orc      | Your ally Revguard died
 12641 | Orc      | Found a roughly hewn altar of Beogh.
 12669 | Orc      | HP: 1/86 [orc knight/+0 long sword (14)]
 12669 | Orc      | Mangled by an orc warrior

Skill      XL: |  1  2  3  4  5  6  7  8  9 10 11 12 13 14 |
---------------+-------------------------------------------+-----
Short Blades   | 2 3 5 6 8 9 11 12 | 12.5
Stealth        | 6 7 8 9 10 11 12 13 14 15 | 15.2
Throwing       | 2 3 4 5 6 |  6.9
Fighting       | 1 2 4 5 6 8 9 |  9.1
Dodging        | 1 2 3 4 5 6 7 8 |  8.8
Evocations     | 2 3 |  3.5
Armour         | 1 2 3 4 |  4.4
Invocations    | 3 5 |  5.9

Action                   |  1- 3 |  4- 6 |  7- 9 | 10-12 | 13-15 || total
-------------------------+-------+-------+-------+-------+-------++-------
Melee: Dagger            |   104 |   271 |   232 |       |       ||   607
       Bite              |    14 |    36 |    36 |    86 |   105 ||   277
       Rapier            |       |       |     8 |   473 |   549 ||  1030
 Fire: Blowgun           |    42 |    17 |    63 |    17 |       ||   139
Throw: Javelin           |       |    39 |    42 |    35 |     7 ||   123
Invok: Shadow Step       |       |       |       |     4 |    13 ||    17
Evoke: Wand              |     4 |     5 |     5 |    37 |    18 ||    69
  Use: Scroll            |     3 |     2 |    10 |     9 |     5 ||    29
       Potion            |       |     1 |     8 |     4 |     6 ||    19
 Stab: Sleeping          |     6 |     8 |     7 |    12 |     8 ||    41
       Distracted        |       |     1 |       |     2 |     1 ||     4
       Paralysed         |       |       |       |     3 |       ||     3
       Confused          |       |       |       |     2 |       ||     2
  Eat: Chunk             |       |     6 |    10 |    12 |    10 ||    38
Armor: Robe              |    35 |    45 |       |       |       ||    80
       Leather armour    |       |    29 |    40 |       |       ||    69
       Troll leather arm |       |       |    13 |    79 |    85 ||   177
Dodge: Dodged            |    69 |   145 |   110 |   333 |   645 ||  1302
